Map: New Gettysburg LE

Players

Nickos - Winner!

  • Race: Terran Terran
  • League: Gold

HENRYHOBO

  • Race: Zerg Zerg
  • League: Gold

VOD

Have the link to the VOD?

Description

Time

  • Played on: Oct. 2, 2016, 5:07 a.m.
  • Length: 9:44
Show
View Real Time Build Order
Export as new Build Order

Nickos Terran - Winner!

Build Orders: Reaper Expand 

Get SALT Encoding   

  12  0:01  SCV  
  13  0:13  SCV  
  14  0:19  Supply Depot  
  14  0:25  SCV  
  15  0:40  SCV  
  15  0:42  Barracks  
  16  0:52  Refinery, SCV  
  17  1:04  SCV  
  18  1:16  SCV  
  19  1:33  Orbital Command  
  19  1:38  Reaper  
  20  1:44  Command Center  
  20  1:56  Barracks  
  20  1:59  SCV  
  21  2:06  Supply Depot  
  21  2:11  SCV  
  21  2:12  Barracks Reactor  
  22  2:23  SCV  
  23  2:36  Factory, SCV  
  24  2:44  Barracks Tech Lab  
  24  2:48  Marine  
  24  2:49  Marine  
  24  2:50  SCV  
  27  3:03  SCV  
  27  3:04  Orbital Command  
  28  3:06  Marine  
  29  3:18  SCV  
  29  3:19  Stimpack  
  30  3:26  Orbital Command  
  30  3:30  SCV  
  31  3:42  SCV, Marine x3  
  31  3:47  Supply Depot  
  35  3:53  Barracks  
  35  3:57  Starport  
  35  4:00  Marine x2  
  35  4:01  Marine  
  38  4:08  SCV x2  
  40  4:10  Bunker  
  40  4:12  Supply Depot  
  40  4:16  Refinery  
  40  4:17  Factory Reactor  
  40  4:18  Marine  
  40  4:19  Marine  
  40  4:20  SCV  
  40  4:21  SCV  
  44  4:32  SCV  
  44  4:33  SCV  
  44  4:34  Marine  
  44  4:36  Marine  
  48  4:42  Engineering Bay  
  47  4:48  Engineering Bay, SCV x2  
  49  4:55  Supply Depot  
  49  4:59  Marine x3  
  52  5:00  SCV x2  
  54  5:09  Terran Infantry Weapons Level 1  
  54  5:12  SCV  
  55  5:18  Missile Turret, Marine  
  55  5:19  Marine x2  
  55  5:21  Medivac  
  60  5:22  Missile Turret  
  60  5:23  Missile Turret  
  60  5:33  Supply Depot  
  60  5:36  Marine  
  60  5:39  Supply Depot  
  60  5:41  Terran Infantry Armor Level 1  
  60  5:42  SCV x2  
  63  5:45  Marine x2  
  63  5:47  Barracks  
  65  5:54  SCV  
  65  5:56  Supply Depot  
  66  6:04  Refinery  
  66  6:07  SCV x2  
  66  6:08  Marine x3  
  66  6:09  Medivac  
  73  6:17  Supply Depot  
  73  6:19  Supply Depot  
  73  6:21  SCV  
  73  6:22  SCV  
  75  6:25  Marine  
  75  6:26  Medivac, Marine  
  75  6:28  Marine  
  80  6:33  SCV  
  80  6:34  SCV  
  80  6:35  Supply Depot  
  80  6:38  Barracks Tech Lab  
  82  6:43  Marine x2  
  82  6:44  Medivac  
  82  6:45  Marine  
  82  6:46  SCV x2  
  89  6:51  Widow Mine  
  91  6:55  Supply Depot  
  91  6:58  Supply Depot, SCV  
  92  7:01  Marine  
  92  7:07  Marine  
  96  7:10  Marauder x2  
  96  7:11  SCV  
  96  7:12  SCV  
  96  7:13  Command Center  
  100  7:20  Armory  
  100  7:23  SCV  
  100  7:25  Missile Turret  
  101  7:35  Marine x2  
  101  7:36  Marauder x2  
  107  7:44  Supply Depot  
  107  7:45  SCV  
  107  7:46  SCV  
  109  7:58  Marauder, Marine x2, SCV  
  112  7:59  Marine  
  112  8:03  SCV  
  116  8:10  SCV  
  117  8:15  SCV  
  117  8:16  Marine x3  
  121  8:31  Supply Depot, Marauder  
  121  8:32  SCV x2  
  125  8:35  Marauder  
  125  8:36  Supply Depot  
  125  8:37  Supply Depot  
  125  8:40  Marine x2  
  129  8:42  Supply Depot  
  129  8:45  Medivac  
  131  8:52  Marine  
  126  9:11  Marine x2  
  126  9:12  Marauder, Marine  
Show
View Real Time Build Order
Export as new Build Order

HENRYHOBO Zerg 

Build Orders: Hatch First 

Get SALT Encoding   

  12  0:01  Drone  
  13  0:09  Drone  
  14  0:38  Hatchery  
  14  0:40  Drone  
  14  0:46  Overlord  
  14  1:18  Drone x3, Spawning Pool  
  16  1:30  Drone  
  17  1:35  Extractor  
  16  1:44  Drone  
  17  1:51  Drone  
  18  1:59  Drone  
  19  2:01  Drone  
  19  2:05  Drone  
  19  2:07  Queen  
  23  2:08  Queen  
  25  2:15  Overlord  
  25  2:17  Drone  
  26  2:23  Drone  
  27  2:31  Spine Crawler  
  27  2:34  Zergling x2  
  28  2:49  Drone x2  
  29  3:08  Queen  
  29  3:12  Overlord x2  
  31  3:15  Metabolic Boost  
  31  3:17  Zergling x6  
  34  3:24  Spine Crawler  
  33  3:27  Extractor  
  33  3:28  Drone x2  
  33  3:29  Drone x2  
  36  3:34  Evolution Chamber  
  36  3:35  Evolution Chamber  
  34  3:42  Drone  
  34  3:43  Drone  
  36  3:51  Spore Crawler  
  36  3:54  Drone x3  
  36  3:55  Spore Crawler  
  37  3:58  Drone  
  38  4:04  Drone x2  
  40  4:14  Queen  
  42  4:26  Lair  
  42  4:29  Zerg Ground Armor Level 1  
  42  4:33  Baneling Nest  
  41  4:42  Spine Crawler  
  41  4:44  Drone x2  
  41  4:45  Drone x2  
  44  4:54  Drone  
  44  4:55  Drone  
  44  4:59  Overlord  
  46  5:02  Drone, Extractor  
  46  5:03  Drone, Extractor  
  46  5:05  Drone  
  47  5:22  Drone x3  
  47  5:26  Centrifical Hooks  
  50  5:30  Overseer  
  50  5:32  Zergling x10  
  50  5:34  Overlord  
  55  5:38  Drone  
  55  5:41  Drone x3  
  58  5:52  Baneling x4  
  58  6:00  Spire  
  58  6:03  Drone  
  58  6:06  Drone x3  
  61  6:22  Drone  
  61  6:25  Queen  
  64  6:27  Hatchery  
  64  6:29  Overlord x3  
  63  6:33  Zerg Ground Armor Level 2  
  63  6:38  Zerg Melee Weapons Level 1  
  63  7:16  Corruptor x3  
  63  7:17  Corruptor  
  63  7:19  Zergling x4  
  63  7:20  Zergling x4  
  63  7:21  Overlord  
  63  7:22  Overlord  
  75  7:24  Zergling x2  
  75  7:25  Zergling x4  
  75  7:27  Drone x2  
  75  7:28  Drone  
  81  7:30  Drone x3  
  84  7:40  Queen  
  84  7:41  Drone  
  87  7:45  Overlord x2  
  87  7:57  Infestation Pit  
  86  8:05  Drone x4  
  89  8:06  Drone  
  89  8:07  Drone x2  
  93  8:13  Spore Crawler  
  92  8:31  Spine Crawler  
  92  8:32  Spore Crawler  
  90  8:34  Spine Crawler  
  90  8:36  Drone x4, Extractor  
  93  8:41  Zergling x10  
  93  8:42  Zergling x4  
  93  8:43  Zergling x10  
  93  8:45  Zergling x2  
  85  9:12  Baneling x2  
  85  9:13  Baneling  
  85  9:14  Zergling x6  
  85  9:15  Zergling x4  
  85  9:16  Zergling x4  
  92  9:17  Zergling x10  
  92  9:18  Zergling x2  
Tags
 
Add a new tag
Caveats
  • Supply blocks, unpowered buildings, or Contaminate may cause inaccurate times.
  • Supply counts are checked every 10 seconds.